 Dungeon Crawl Stone Soup version 0.28-a0-1395-g4f6bc678fa (webtiles) character file.

Game seed: 4630565950955934712

97 voltaire321 the Ducker (level 5, -8/39 HPs)
             Began as a Djinni Gladiator on Jan 5, 2022.
             Mangled by a gnoll (14 damage)
             ... on level 4 of the Dungeon.
             The game lasted 00:10:30 (3231 turns).

voltaire321 the Ducker (Djinni Gladiator)           Turns: 3231, Time: 00:10:31

Health: -8/39      AC:  6    Str: 13    XL:     5   Next: 0%
Gold:   124        EV:  9    Int:  9    God:
                   SH:  8    Dex: 17

rFire   + + .      SeeInvis .   a - +0 long sword
rCold   x . .      Faith    .   l - +0 kite shield
rNeg    . . .      Spirit   .   j - +0 ring mail
rPois   ∞          Reflect  .   c - +0 helmet
rElec   .          Harm     .   (no cloak)
rCorr   .          Rampage  .   (no gloves)
Will    .....                   (boots unavailable)
Stlth   +.........              (no amulet)
HPRegen 0.13/turn               (no ring)
MPRegen 0.00/turn               (no ring)

@: flying
A: sickness immunity, fire resistance 2, cold vulnerability 1, float, innate
caster, hp casting, extra vitality 1
a: no special abilities


You were on level 4 of the Dungeon.
You visited 1 branch of the dungeon, and saw 4 of its levels.

You collected 124 gold pieces.

Inventory:

Hand Weapons
 a - a +0 long sword (weapon)
Missiles
 d - 3 throwing nets (quivered)
 k - 115 stones
Armour
 b - an orb of light
 c - a +0 helmet (worn)
 j - a +0 ring mail (worn)
 l - a +0 kite shield (worn)
 q - an orb of mayhem
Scrolls
 f - a scroll of silence
 g - a scroll of teleportation
 h - a scroll of blinking
Potions
 e - a potion of lignification
 p - a potion of curing {unknown}


   Skills:
 + Level 2.6 Fighting
 + Level 3.1 Long Blades
 - Level 2.0 Throwing
 + Level 1.3 Armour
 + Level 3.7 Dodging
 + Level 1.0 Shields
 + Level 0.8 Spellcasting


You had 2 spell levels left.
You knew the following spells:

 Your Spells              Type           Power      Damage    Failure   Level
a - Sandblast             Erth           4%         2d4       98%         1
b - Poisonous Vapours     Pois/Air       4%         N/A       99%         2
Your spell library was empty.

Dungeon Overview and Level Annotations

Branches:
Dungeon (4/15)
 Temple: D:4-7

Altars:

Shops:
D:1 *

Annotations:
D:2 Edmund


Innate Abilities, Weirdness & Mutations

You are immune to sickness and miasma.
You are immune to poison.
Your flesh is very heat resistant. (rF++)
You are vulnerable to cold. (rC-)
You float through the air rather than walking.
You learn spells naturally, not from books.
Your magical power is your life essence.
You have superior vitality. (+4 MHP)


Message History

HP restored.
Done exploring.
There is a stone staircase leading down here.
You fly downwards.
There is a stone staircase leading up here.
The gnoll hits you but does no damage. The gnoll hits you with a +0 halberd!
You barely miss the gnoll. You block the gnoll's attack. x2
The gnoll hits you but does no damage. The gnoll hits you with a +0 halberd!
The gnoll completely misses you.
You slash the gnoll!
The gnoll is severely wounded.
You block the gnoll's attack. The gnoll hits you with a +0 whip.
You hit the gnoll but do no damage.
The gnoll is severely wounded.
The quokka skeleton bites you but does no damage.
You block the gnoll's attack. The gnoll hits you but does no damage.
The quokka skeleton barely misses you.
You barely miss the gnoll.
The gnoll is severely wounded.
You block the centaur zombie's attack. The centaur zombie kicks you.
The gnoll closely misses you. The gnoll hits you but does no damage.
The centaur zombie hits you but does no damage.
The centaur zombie closely misses you.
The quokka skeleton bites you but does no damage.
The gnoll hits you from afar with a +0 halberd!
* * * LOW HITPOINT WARNING * * *
You block the gnoll's attack. The centaur zombie hits you.
* * * LOW HITPOINT WARNING * * *
You block the centaur zombie's attack.
You hit the quokka skeleton.
The quokka skeleton is heavily damaged.
The quokka skeleton bites you but does no damage.
The gnoll hits you but does no damage.
The centaur zombie hits you but does no damage.
The centaur zombie kicks you but does no damage.
You block the quokka skeleton's attack. The gnoll hits you with a +0 whip.
* * * LOW HITPOINT WARNING * * *
The gnoll hits you from afar with a +0 halberd!
You die...

##.###..<...####
#######.## ##Z##......
........# #.....####
########.## ##.###.####
........#.###.####.....
........<...........###
##.#.##.#......###.####
.##.#...Zg......#
#.###.
.......@g....#.##
#.....
##.##.####Z#####.#
#####@ #...#.#)...# #.#
## .#.....#### #.# #
#...#.#.# #.#
......#g########.#
..........g..g...#
..........########
......###.#


You could see 2 gnolls, a centaur zombie and a quokka skeleton.

Vanquished Creatures
  Terence (D:3)
  An adder (D:2)
  A dart slug (D:2)
  4 orcs (D:3)
  2 bats
  4 endoplasms
  2 giant cockroaches (D:1)
  4 goblins
  4 hobgoblins
  6 jackals (D:3)
  8 kobolds
  4 quokkas
  4 ball pythons
  A frilled lizard (D:3)
  4 rats
50 creatures vanquished.

Notes
Turn   | Place    | Note
-------+----------+-------------------------------------------
     0 | D:1      | voltaire321 the Djinni Gladiator began the quest for the
                  | Orb.
     0 | D:1      | Reached XP level 1. HP: 18/18 MP: 0/0
   445 | D:1      | Reached XP level 2. HP: 23/23 MP: 0/0
   476 | D:1      | Found Wanymede's General Store.
   523 | D:1      | Found a faded altar of an unknown god.
   787 | D:2      | Reached XP level 3. HP: 11/28 MP: 0/0
   787 | D:2      | Learned a level 1 spell: Sandblast
  1712 | D:3      | Reached skill level 1 in Armour
  2017 | D:3      | Reached XP level 4. HP: 34/34 MP: 0/0
  2149 | D:3      | Noticed Terence
  2207 | D:3      | Killed Terence
  2451 | D:3      | Reached skill level 1 in Shields
  2694 | D:4      | Noticed Edmund
  2910 | D:4      | Reached XP level 5. HP: 15/39 MP: 0/0
  2910 | D:4      | Learned a level 2 spell: Poisonous Vapours
  3231 | D:4      | Mangled by a gnoll

Illustrated notes

Levels and vault maps discovered:
D:1:      nzn_arrival_crosshair, layout_basic, ebering_ecumenical_altar_hall,
          serial_shops, nicolae_shop_hallway_stairs
D:2:      layout_rooms
D:3:      layout_basic, grunt_decor_junction, eino_curves_01, uniq_terence
D:4:      layout_loops_ring, minmay_cupped, uniq_sigmund, uniq_blork_the_orc,
          uniq_edmund, uniq_crazy_yiuf_cottage

Skill      XL: |  1  2  3  4 |
---------------+-------------+-----
Armour         | 1 |  1.3
Long Blades    | 3 |  3.1
Throwing       | 2 |  2.0
Shields        | 1 |  1.0
Fighting       | |  2.6
Dodging        | |  3.7
Spellcasting   | |  0.8

Action                   |  1- 3 |  4- 6 || total
-------------------------+-------+-------++-------
Melee: Long sword        |   103 |    62 ||   165
  Use: Scroll            |     8 |     2 ||    10
Armor: Leather armour    |     5 |       ||     5
       Ring mail         |    44 |    28 ||    72
Dodge: Dodged            |    69 |    40 ||   109
Block: Kite shield       |     8 |    44 ||    52

Table legend: (Time is in decaauts)
 A = Elapsed time spent in this place.
 B = Non-inter-level travel time spent in this place.
 C = Inter-level travel time spent in this place.
 D = Time resting spent in this place.
 E = Time spent auto-exploring this place.
 F = Levels seen in this place.
 G = Mean time per level.
                   A        B        C        D        E       F      G
               +--------+--------+--------+--------+--------+-----+--------+
         Total |   3303 |   3168 |    135 |    537 |   1714 |   4 |  825.8 |
       Dungeon |   3303 |   3168 |    135 |    537 |   1714 |   4 |  825.8 |
               +--------+--------+--------+--------+--------+-----+--------+

Top non-repeatable levels by time:
     D:3: 1393 daAuts
     D:1: 947 daAuts
     D:2: 804 daAuts
     D:4: 159 daAuts
